[Event "Klubbmästerskap 2025 Torsdagar"]
[Site "Linköping, Sweden"]
[Date "2025.02.06"]
[Round "3.1"]
[White "Ståhlberg, Adam"]
[Black "Gustafsson, Nils"]
[Result "1-0"]
[TimeControl "90 min + 30 sec/move"]
[WhiteElo "1944"]
[BlackElo "1860"]

1. d4 Nf6 2. c4 e6 3. Nf3 Bb4+ 4. Bd2 Qe7 5. a3 Bxd2+ 6. Nbxd2 d6 7. e4 e5 8. d5 O-O 9. Bd3 a5 10.
Nf1 Na6 11. Ng3 Nc5 12. Bc2 a4 13. Nd2 g6 14. Qe2 Bd7 15. O-O h5 16. Nf3 Kg7 17. Qe3 Nh7 18. h4 Bg4 19. Ng5 Nxg5 20.
hxg5 h4 21. Nh1 Rh8 22. f3 Bd7 23. g4 hxg3 24. Nxg3 Rh5 25. Nxh5+ gxh5 26. f4 Rh8 27. Rf2 b5 28. Raf1 Rf8 29.
f5 Qd8 30. Bd1 bxc4 31. f6+ Kh7 32. Rh2 Rh8 33. Bxh5 Kg8 34. g6 Nd3 35. Qg5 1-0

[Event "Klubbmästerskap 2025 Torsdagar"]
[Site "Linköping, Sweden"]
[Date "2025.02.06"]
[Round "3.2"]
[White "Roginski, Hugo"]
[Black "Halvarsson, Peter"]
[Result "0-1"]
[TimeControl "90 min + 30 sec/move"]
[WhiteElo "1884"]
[BlackElo "1927"]

1. e4 d5 2. exd5 Qxd5 3. Nc3 Qa5 4. d4 c6 5. Nf3 Nf6 6. Bf4 Bf5 7. Bc4 Nbd7 8. O-O e6 9. a3 Be7 10.
Re1 O-O 11. Qe2 Rfe8 12. Nd1 b5 13. Ba2 c5 14. Ne3 c4 15. Nxf5 exf5 16. Ne5 Qb6 17. Nxd7 Nxd7 18. Rad1 Rad8 19.
c3 Nf6 20. Qf3 Nd5 21. Be5 g6 22. Bb1 f6 23. Bg3 Qc6 24. Bh4 Qd7 25. Bg3 Bf8 26. h4 h5 27. Bh2 Kf7 28. Bc2 a5 29.
Ra1 Bh6 30. Kf1 a4 31. Rxe8 Rxe8 32. Re1 Rxe1+ 33. Kxe1 Bc1 34. Qd1 Bxb2 35. Qb1 Qe8+ 36. Kf1 Nxc3 37. Be5 Nxb1 0-1

[Event "Klubbmästerskap 2025 Torsdagar"]
[Site "Linköping, Sweden"]
[Date "2025.02.06"]
[Round "3.3"]
[White "Löfgren, Vide"]
[Black "Skytt, Klas"]
[Result "1-0"]
[TimeControl "90 min + 30 sec/move"]
[WhiteElo "1928"]
[BlackElo "1764"]

1. d4 d5 2. c4 c6 3. Nc3 Nf6 4. Bg5 e6 5. e3 Nbd7 6. cxd5 exd5 7. Bd3 Be7 8. Nf3 O-O 9. O-O Re8 10.
Qc2 h6 11. Bh4 Ne4 12. Bxe7 Qxe7 13. Rab1 f5 14. b4 Nxc3 15. Qxc3 Nf6 16. Rfc1 a6 17. a4 Ne4 18. Qc2 Nd6 19.
Ne5 Be6 20. b5 axb5 21. axb5 Nxb5 22. Bxb5 cxb5 23. Rxb5 Rec8 24. Qb2 Rxc1+ 25. Qxc1 Rc8 26. Qb2 Rc7 27. Nd3 Qf7 28. Rb6 Bc8 29.
h3 Rc6 30. Rb5 Rc7 31. Qb3 Be6 32. Nf4 Rc1+ 33. Kh2 Bc8 34. Rxd5 Qc7 35. Rc5+ 1-0

[Event "Klubbmästerskap 2025 Torsdagar"]
[Site "Linköping, Sweden"]
[Date "2025.02.06"]
[Round "3.4"]
[White "Lilljebjörn, Erik Gustaf"]
[Black "Stefanovic, Dragan 1958"]
[Result "1/2-1/2"]
[TimeControl "90 min + 30 sec/move"]
[WhiteElo "1783"]
[BlackElo "1791"]

1. e4 d6 2. d4 Nf6 3. Nc3 g6 4. Bg5 Bg7 5. e5 dxe5 6. dxe5 Nfd7 7. e6 Bxc3+ 8. bxc3 fxe6 9. Qg4 Nf6 10.
Bxf6 exf6 11. Rd1 Qe7 12. Bd3 Nc6 13. Nf3 e5 14. Qh4 Be6 15. Bxg6+ Kf8 16. Be4 Bxa2 17. O-O Be6 18. Ne1 Rd8 19.
Nd3 Rg8 20. Qxh7 Qxh7 21. Bxh7 1/2-1/2

[Event "Klubbmästerskap 2025 Torsdagar"]
[Site "Linköping, Sweden"]
[Date "2025.02.06"]
[Round "3.5"]
[White "Karlsson, Henrik 1974"]
[Black "Ahlström, Per"]
[Result "0-1"]
[TimeControl "90 min + 30 sec/move"]
[WhiteElo "1804"]
[BlackElo "1820"]

1. e4 c5 2. Nf3 d6 3. d4 cxd4 4. Nxd4 Nf6 5. Nc3 g6 6. Be3 Bg7 7. Bc4 O-O 8. f3 Nc6 9. Qd2 Nxd4 10.
Bxd4 Qa5 11. O-O-O Be6 12. Bxe6 fxe6 13. g4 b5 14. h4 b4 15. Nb1 Rac8 16. h5 Rc4 17. hxg6 hxg6 18. Qh2 Qc7 19.
e5 dxe5 20. Qxe5 Rxc2# 0-1

[Event "Klubbmästerskap 2025 Torsdagar"]
[Site "Linköping, Sweden"]
[Date "2025.02.06"]
[Round "3.6"]
[White "Leijon, Noah"]
[Black "Snällfot, Magnus"]
[Result "0-1"]
[TimeControl "90 min + 30 sec/move"]
[WhiteElo "1803"]
[BlackElo "1778"]

1. e4 e5 2. Nf3 Nc6 3. Bc4 Nf6 4. d3 Be7 5. c3 d5 6. exd5 Nxd5 7. Qb3 O-O 8. Bxd5 Na5 9. Bxf7+ Rxf7 10.
Qb5 c6 11. Qxe5 Bf6 12. Qe2 Re7 13. Be3 b5 14. O-O Bg4 15. Nbd2 Qd5 16. Ne4 Rf8 17. Rfd1 b4 18. cxb4 Nb7 19.
Nxf6+ Rxf6 20. b3 Qh5 21. Rac1 Rxf3 22. gxf3 Bxf3 23. Qc2 Qh3 0-1

[Event "Klubbmästerskap 2025 Torsdagar"]
[Site "Linköping, Sweden"]
[Date "2025.02.06"]
[Round "3.7"]
[White "Garner, Mårten"]
[Black "Ekman, Theo"]
[Result "0-1"]
[TimeControl "90 min + 30 sec/move"]
[WhiteElo "1841"]
[BlackElo "1806"]

1. d4 d5 2. c4 Nc6 3. Nf3 Bg4 4. Bf4 e6 5. Nc3 Bxf3 6. gxf3 Nge7 7. e3 Ng6 8. Bg3 h5 9. cxd5 exd5 10. h4 Bd6 11. Qb3 Bxg3 12. fxg3 Nce7 13. Qxb7 c6 14. Qa6 Qc7 15.
f4 Rb8 16. b3 Nf5 17. Kf2 O-O 18. Be2 Rfe8 19. Nd1 Re6 20. Bxh5 Rbe8 21. Bg4 Nxg3 22. Bxe6 Nxh1+ 23. Kg1 Rxe6 24.
Kxh1 Nxh4 25. Rc1 Rg6 26. Nf2 Qd7 27. b4 Rg2 28. Qf1 Rxf2 29. Qxf2 Qh3+ 30. Qh2 Qf3+ 31. Kg1 Qxe3+ 32. Qf2 Qxc1+ 33. Kh2 Qd2 0-1

[Event "Klubbmästerskap 2025 Torsdagar"]
[Site "Linköping, Sweden"]
[Date "2025.02.06"]
[Round "3.8"]
[White "Qwarfort, Fredrik"]
[Black "Davidsson, Asker"]
[Result "1-0"]
[TimeControl "90 min + 30 sec/move"]
[WhiteElo "1826"]
[BlackElo "1823"]

1. d4 d5 2. c4 e6 3.
Nc3 a6 4. e3 Nf6 5. Nf3 Bd6 6. Bd3 dxc4 7. Bxc4 b5 8. Bd3 Bb7 9. a3 c5 10. dxc5 Bxc5 11. O-O Nc6 12. b4 Bd6 13.
Bb2 h5 14. Rc1 Ne5 15. Nxe5 Bxe5 16. Qe2 Bxh2+ 17. Kxh2 Ng4+ 18. Kh3 f5 19. Bxb5+ Kf7 20. Rfd1 Qb8 21. Rd7+ Kg6 22. f4 axb5 23.
Nxb5 Nf6 24. Bxf6 gxf6 25. Rcc7 Bd5 26. Rg7+ Kh6 27. Qb2 Qf8 28. Rgf7 Bxg2+ 29. Qxg2 1-0

[Event "Klubbmästerskap 2025 Torsdagar"]
[Site "Linköping, Sweden"]
[Date "2025.02.06"]
[Round "3.9"]
[White "Rogoz, Vladyslav"]
[Black "Thyberg, André"]
[Result "1-0"]
[TimeControl "90 min + 30 sec/move"]
[WhiteElo "2099"]
[BlackElo "1961"]

1. d4 Nf6 2. c4 c5 3. d5 b5 4. cxb5 a6 5. e3 axb5 6. Bxb5 Qa5+ 7. Nc3 Bb7 8. Bd2 Qb6 9. Nf3 Nxd5 10.
a4 e6 11. O-O Be7 12. Ne5 O-O 13. Nc4 Qc7 14. a5 Na6 15. Nxd5 exd5 16. Nb6 Ra7 17. Bc3 Qd6 18. Qg4 Qg6 19.
Bxd7 Nb4 20. Qxg6 hxg6 21. Bb5 Rd8 22. Rfd1 Bf6 23. a6 Bxa6 24. Bxb4 cxb4 25. Rxd5 Rb7 26. Nd7 Bxb2 27. Rxa6 Rxb5 28. Rxb5 Rxd7 29. Kf1 Bc3 30. h4 f6 31.
Ke2 Kh7 32. Ra8 Rd2+ 33. Kf3 g5 34. h5 g4+ 35. Kxg4 Be5 36. Kf3 Kh6 37. Rxb4 Kxh5 38. Rg8 g5 39. Rb1 f5 40. Rh1+ Bh2 41.
Rxh2# 1-0